 Dungeon Crawl Stone Soup version 0.31-a0-1626-g5cb510d322 (console) character file.

Game seed: 4335125468337272889

1603 Ignak the Thaumaturge (level 8, -4/60 HPs)
             Began as a Gnoll Hedge Wizard on Jan 12, 2024.
             Killed from afar by an acid dragon (14 damage)
             ... with a splash of acid
             ... on level 6 of the Dungeon.
             The game lasted 00:21:55 (5674 turns).

Ignak the Thaumaturge (Gnoll Hedge Wizard)          Turns: 5674, Time: 00:21:55

Health: -4/60      AC:  3    Str:  9    XL:     8   Next: 94%
Magic:  28/29      EV: 17    Int: 20    God:
Gold:   158        SH:  4    Dex: 11    Spells: 8/23 levels left

rFire   . . .        D - +3 flail
rCold   . . .        A - +0 buckler
rNeg    . . .        w - +0 leather armour "Feywot" {Int+3}
rPois   .            (no helmet)
rElec   .            (no cloak)
rCorr   .            h - +1 pair of gloves
SInv    .            (no boots)
Will    .....        (no amulet)
Stlth   +++          k - ring of magical power
HPRegen 0.30/turn    t - +5 ring of evasion
MPRegen 0.21/turn

%: no passive effects
@: corroded
A: fangs 1, strong nose, distributed training, iridescent scales 1
a: no special abilities


You were on level 6 of the Dungeon.
You visited 1 branch of the dungeon, and saw 6 of its levels.

You collected 158 gold pieces.

Inventory:

Hand Weapons
 f - a +0 quarterstaff
 r - a +0 trident of protection
 x - a +0 morningstar
 D - a +3 flail (weapon)
Missiles
 s - 11 poisoned darts (quivered)
Armour
 b - a +0 robe
 h - a +1 pair of gloves (worn)
 v - a +0 helmet
 w - the +0 leather armour "Feywot" (worn) {Int+3}
   (You found it on level 3 of the Dungeon)

   Int+3:     It affects your intelligence (+3).
 A - a +0 buckler (worn)
Magical Staves
 o - a staff of air
 G - a staff of cold
Jewellery
 k - a ring of magical power (left hand)
 m - a ring of resist corrosion
 t - a +5 ring of evasion (right hand)
 E - a ring of see invisible
Wands
 C - a wand of charming (8)
Scrolls
 a - a scroll of amnesia
 e - a scroll of teleportation
 i - a scroll of fear
 j - 2 scrolls of torment
 l - 3 scrolls of vulnerability {unknown}
 p - a scroll of butterflies
 q - 2 scrolls of enchant armour
 y - a scroll of fog
 F - a scroll of immolation
Potions
 c - a potion of might {unknown}
 d - 2 potions of magic
 g - a potion of attraction
 n - a potion of lignification
 u - a potion of cancellation
 z - a potion of brilliance
 B - a potion of heal wounds


   Skills:
 + Level 3.8 Fighting
 + Level 3.8 Short Blades
 + Level 3.8 Long Blades
 + Level 3.8 Axes
 + Level 3.8 Maces & Flails
 + Level 3.8 Polearms
 + Level 3.8 Staves
 + Level 3.8 Ranged Weapons
 + Level 3.8 Throwing
 + Level 3.8 Armour
 + Level 6.0 Dodging
 + Level 5.7 Stealth
 + Level 3.8 Shields
 + Level 3.8 Unarmed Combat
 + Level 8.2 Spellcasting
 + Level 3.9 Conjurations
 + Level 3.1 Hexes
 + Level 3.9 Summonings
 + Level 3.1 Necromancy
 + Level 3.9 Translocations
 + Level 3.1 Fire Magic
 + Level 3.1 Ice Magic
 + Level 3.1 Air Magic
 + Level 3.1 Earth Magic
 + Level 3.1 Alchemy
 + Level 4.2 Invocations
 + Level 3.8 Evocations
 + Level 3.5 Shapeshifting


You had 8 spell levels left.
You knew the following spells:

 Your Spells              Type           Power      Damage    Failure   Level
a - Magic Dart            Conj           92%        1d7       3%          1
b - Blink                 Tloc           46%        N/A       4%          2
c - Dispel Undead         Necr           20%        3d11      41%         4
d - Mephitic Cloud        Conj/Alch/Air  21%        N/A       12%         3
e - Call Imp              Summ           46%        N/A       4%          2
y - Teleport Other        Tloc           23%        N/A       10%         3

Your spell library contained the following spells:

 Spells                   Type           Power      Damage    Failure   Level
 Slow                     Hex            80%        N/A       4%          1
 Cigotuvi's Dreadful Rot  Necr/Alch/Air  40%        N/A       7%          2
 Gell's Gravitas          Tloc           23%        N/A       10%         3
 Martyr's Knell           Necr/Summ      22%        N/A       36%         4
 Dispersal                Tloc           11%        N/A       99%         6
 Death Channel            Necr           10%        N/A       100%        6


Dungeon Overview and Level Annotations

Branches:
Dungeon (6/15)
 Temple: D:4-7

Altars:
Elyvilon
Vehumet
Yredelemnul
The Shining One


Innate Abilities, Weirdness & Mutations

You have very sharp teeth.
Your uncanny sense of smell can sniff out nearby items.
Your experience applies equally to all skills.
You are partially covered in iridescent scales. (AC +2)


Message History

You closely miss the acid dragon.
You bite the acid dragon, but do no damage.
The acid dragon is almost dead.
The white imp barely misses your cerulean imp.
The acid dragon spits acid at you. The splash of acid hits you!
* * * LOW HITPOINT WARNING * * *
The acid corrodes you!
Your cerulean imp barely misses the white imp.
Casting: Call Imp (safe; 4% risk of failure)
Confirm with . or Enter, or press ? or * to list all spells.
Aiming: Magic Dart (safe; 3% risk of failure)
Press: ? - help, Shift-Dir - straight line, f - acid dragon
Aim: an acid dragon (almost dead, catching its breath, 100% to hit)
The magic dart hits the acid dragon but does no damage.
The acid dragon is almost dead.
The white imp barely misses your cerulean imp.
The acid dragon bites you but does no damage.
The acid dragon closely misses you.
Your cerulean imp hits the white imp but does no damage.
Unknown command.
You closely miss the acid dragon.
The acid dragon is almost dead.
The white imp closely misses your cerulean imp.
The acid dragon bites you.
* * * LOW HITPOINT WARNING * * *
The acid dragon completely misses you.
Your cerulean imp hits the white imp but does no damage.
The white imp hits your cerulean imp but does no damage.
Your cerulean imp hits the white imp with a -2 spear.
The acid dragon closely misses you. The acid dragon barely misses you.
You hit the acid dragon.
The acid dragon is almost dead.
The white imp gestures at you.
The puff of frost hits your cerulean imp.
Your cerulean imp dies!
Your cerulean imp disappears in a puff of smoke!
The acid dragon spits acid at you. The splash of acid hits you!
You die...

#.......#.......#
#.......#.......#
#.......#########
#.......#
#.......# ###
#.......# ..
###.##### .#
#.########.#####.
#........@.ยง5S...
##########D#####.
... ####


You could see an acid dragon (catching breath), an adder and a white imp.

Vanquished Creatures
  The ghost of LydaLydish the Trooper, an amateur HuFi (D:5)
  Menkaure (D:2)
  2 centaurs
  A scorpion (D:5)
  2 bombardier beetles
  2 jellies
  A gnoll bouda (D:5)
  2 hounds (D:4)
  3 iguanas
  An orc wizard (D:5)
  7 adders
  2 gnolls (D:5)
  A white imp (D:5)
  2 ribbon worms
  3 dart slugs
  5 orcs
  6 endoplasms
  5 giant cockroaches
  10 goblins
  4 hobgoblins
  3 jackals (D:2)
  7 kobolds
  A quokka (D:3)
  5 ball pythons
  5 bats
  3 frilled lizards
  7 rats
92 creatures vanquished.

Vanquished Creatures (collateral kills)
  The ghost of iamserjio the Firebug, a novice TeFE (D:4)
  2 water moccasins (D:4)
  2 scorpions
  A bombardier beetle (D:4)
  Terence (D:2)
  An iguana (D:4)
  An orc wizard (D:5)
  Robin (D:4)
  A gnoll (D:5)
  3 adders
  2 ufetubi (D:4)
  2 ribbon worms (D:5)
  An orc (D:5)
  A ball python (D:4)
  4 goblins
  A hobgoblin (D:4)
  2 bats (D:3)
27 creatures vanquished.

Grand Total: 119 creatures vanquished

Notes
Turn   | Place    | Note
-------+----------+-------------------------------------------
     0 | D:1      | Ignak the Gnoll Hedge Wizard began the quest for the Orb.
     0 | D:1      | Reached XP level 1. HP: 13/13 MP: 8/8
   316 | D:1      | Reached XP level 2. HP: 15/19 MP: 10/10
   326 | D:1      | Learned a level 2 spell: Call Imp
   329 | D:1      | Learned a level 2 spell: Blink
   576 | D:1      | Found a faded altar of an unknown god.
   877 | D:2      | Reached XP level 3. HP: 19/25 MP: 11/11
   879 | D:2      | Reached skill level 1 in Invocations
   939 | D:2      | Noticed Terence
  1062 | D:2      | Reached skill level 1 in Fighting
  1062 | D:2      | Reached skill level 1 in Short Blades
  1062 | D:2      | Reached skill level 1 in Long Blades
  1062 | D:2      | Reached skill level 1 in Axes
  1062 | D:2      | Reached skill level 1 in Maces & Flails
  1062 | D:2      | Reached skill level 1 in Polearms
  1062 | D:2      | Reached skill level 1 in Staves
  1062 | D:2      | Reached skill level 1 in Ranged Weapons
  1062 | D:2      | Reached skill level 1 in Throwing
  1062 | D:2      | Reached skill level 1 in Armour
  1062 | D:2      | Reached skill level 1 in Shields
  1062 | D:2      | Reached skill level 1 in Unarmed Combat
  1062 | D:2      | Reached skill level 1 in Evocations
  1145 | D:2      | Reached skill level 1 in Shapeshifting
  1145 | D:2      | Reached XP level 4. HP: 10/32 MP: 10/13
  1544 | D:2      | Found a basalt altar of Yredelemnul.
  1628 | D:1      | Learned a level 3 spell: Mephitic Cloud
  1657 | D:2      | Reached skill level 1 in Hexes
  1657 | D:2      | Reached skill level 1 in Necromancy
  1657 | D:2      | Reached skill level 1 in Fire Magic
  1657 | D:2      | Reached skill level 1 in Ice Magic
  1657 | D:2      | Reached skill level 1 in Air Magic
  1657 | D:2      | Reached skill level 1 in Earth Magic
  1657 | D:2      | Reached skill level 1 in Alchemy
  1783 | D:2      | Killed Terence
  2153 | D:3      | Reached XP level 5. HP: 37/37 MP: 9/14
  2289 | D:3      | Identified the +0 leather armour "Feywot" {Int+3}
  2597 | D:3      | Found a radiant altar of Vehumet.
  3119 | D:4      | Reached XP level 6. HP: 37/44 MP: 16/16
  3220 | D:4      | Found a glowing golden altar of the Shining One.
  3220 | D:4      | Noticed Robin
  3221 | D:4      | Noticed Menkaure
  3225 | D:4      | Reached skill level 5 in Dodging
  3350 | D:2      | Killed Menkaure
  3598 | D:4      | Killed Robin
  3678 | D:4      | Found a runed translucent door.
  3680 | D:4      | Noticed iamserjio's ghost (novice TeFE)
  3681 | D:4      | Noticed a water moccasin
  3732 | D:4      | Learned a level 4 spell: Dispel Undead
  3809 | D:4      | Found a white marble altar of Elyvilon.
  3817 | D:4      | Reached XP level 7. HP: 46/51 MP: 18/18
  4185 | D:5      | Entered Level 5 of the Dungeon
  4219 | D:4      | Reached skill level 5 in Stealth
  4227 | D:4      | Killed iamserjio's ghost
  4228 | D:4      | Reached XP level 8. HP: 58/58 MP: 16/19
  4268 | D:4      | Gained mutation: You have a pair of small horns on your
                  | head. [potion of mutation]
  4268 | D:4      | Gained mutation: You have hidden genetic defects. [potion
                  | of mutation]
  4268 | D:4      | Gained mutation: You are partially covered in iridescent
                  | scales. (AC +2) [potion of mutation]
  4269 | D:4      | Lost mutation: You are partially covered in iridescent
                  | scales. (AC +2) [potion of mutation]
  4269 | D:4      | Lost mutation: You have a pair of small horns on your head.
                  | [potion of mutation]
  4269 | D:4      | Gained mutation: You are weak. (Str -2) [potion of
                  | mutation]
  4269 | D:4      | Gained mutation: You passively dampen the noise of your
                  | surroundings. [potion of mutation]
  4269 | D:4      | Gained mutation: You are partially covered in iridescent
                  | scales. (AC +2) [potion of mutation]
  4270 | D:4      | Lost mutation: You passively dampen the noise of your
                  | surroundings. [potion of mutation]
  4270 | D:4      | Lost mutation: You have hidden genetic defects. [potion of
                  | mutation]
  4270 | D:4      | Lost mutation: You are weak. (Str -2) [potion of mutation]
  4270 | D:4      | Gained mutation: You occasionally lose the ability to drink
                  | potions when taking damage. [potion of mutation]
  4270 | D:4      | Lost mutation: You occasionally lose the ability to drink
                  | potions when taking damage. [potion of mutation]
  4830 | D:5      | Reached skill level 8 in Spellcasting
  4903 | D:5      | Found a runed translucent door.
  5036 | D:5      | Learned a level 3 spell: Teleport Other
  5124 | D:5      | Noticed LydaLydish's ghost (amateur HuFi)
  5152 | D:5      | Found a runed translucent door.
  5416 | D:5      | Killed LydaLydish's ghost
  5674 | D:6      | Killed from afar by an acid dragon

Illustrated notes

Levels and vault maps discovered:
D:1:      erik_arrival_blinker_ship, layout_basic, basic_ecumenical_altar
D:2:      layout_rooms, basic_altar, ebering_dispersal_statue_hall,
          minmay_tromino_v4_a, uniq_terence
D:3:      layout_loops_corners, general_overflow_altar, chequers_big_river,
          feat_on_display
D:4:      layout_gridville, lemuel_round_altar, mainiacjoe_overflow_alcove_2,
          ebering_ghost_inner_flame, grunt_ministairs_14, uniq_menkaure,
          uniq_robin
D:5:      layout_rooms, ebering_ghost_sewer_f
D:6:      layout_loops_cross, nicolae_overflow_crystal_walls, kennysheep_mini,
          uniq_maggie

Skill      XL: |  1  2  3  4  5  6  7  8 |
---------------+-------------------------+-----
Conjurations   | 2 3 |  3.9
Summonings     | 2 3 |  3.9
Translocations | 2 3 |  3.9
Invocations    | 1 2 3 4 |  4.2
Fighting       | 1 2 3 |  3.8
Short Blades   | 1 2 3 |  3.8
Long Blades    | 1 2 3 |  3.8
Axes           | 1 2 3 |  3.8
Maces & Flails | 1 2 3 |  3.8
Polearms       | 1 2 3 |  3.8
Staves         | 1 2 3 |  3.8
Ranged Weapons | 1 2 3 |  3.8
Throwing       | 1 2 3 |  3.8
Armour         | 1 2 3 |  3.8
Shields        | 1 2 3 |  3.8
Unarmed Combat | 1 2 3 |  3.8
Evocations     | 1 2 3 |  3.8
Shapeshifting  | 1 2 3 |  3.5
Hexes          | 1 2 3 |  3.1
Necromancy     | 1 2 3 |  3.1
Fire Magic     | 1 2 3 |  3.1
Ice Magic      | 1 2 3 |  3.1
Air Magic      | 1 2 3 |  3.1
Earth Magic    | 1 2 3 |  3.1
Alchemy        | 1 2 3 |  3.1
Dodging        | 5 6 |  6.0
Stealth        | 5 |  5.7
Spellcasting   | 8 |  8.2

Action                     |  1- 3 |  4- 6 |  7- 9 || total
---------------------------+-------+-------+-------++-------
  Melee: Quarterstaff      |    88 |    37 |       ||   125
         Bite              |     1 |    23 |    26 ||    50
         Dagger            |     1 |       |       ||     1
         Staff             |       |   121 |       ||   121
         Punch             |       |     4 |     2 ||     6
         Trident           |       |    59 |   175 ||   234
         Morningstar       |       |     5 |       ||     5
         Flail             |       |       |    19 ||    19
   Cast: Magic Dart        |     4 |     5 |     1 ||    10
         Call Imp          |     3 |    19 |    20 ||    42
         Blink             |     1 |     5 |     1 ||     7
         Mephitic Cloud    |       |     7 |     8 ||    15
         Dispel Undead     |       |       |     2 ||     2
  Evoke: Wand              |       |       |     2 ||     2
    Use: Potion            |       |       |     9 ||     9
         Scroll            |       |       |     7 ||     7
   Stab: Sleeping          |     3 |     7 |       ||    10
         Confused          |       |     5 |     5 ||    10
         Distracted        |       |       |     1 ||     1
 Armour: Robe              |     6 |       |       ||     6
         Leather armour    |    57 |   114 |   136 ||   307
  Dodge: Dodged            |    71 |   197 |   282 ||   550
  Block: Buckler           |       |       |     8 ||     8

Table legend: (Time is in decaauts)
 A = Elapsed time spent in this place.
 B = Non-inter-level travel time spent in this place.
 C = Inter-level travel time spent in this place.
 D = Time resting spent in this place.
 E = Time spent auto-exploring this place.
 F = Levels seen in this place.
 G = Mean time per level.
                   A        B        C        D        E       F      G
               +--------+--------+--------+--------+--------+-----+--------+
         Total |   5809 |   5657 |    152 |   1084 |   2371 |   6 |  968.2 |
       Dungeon |   5809 |   5657 |    152 |   1084 |   2371 |   6 |  968.2 |
               +--------+--------+--------+--------+--------+-----+--------+

Top non-repeatable levels by time:
     D:2: 1205 daAuts
     D:4: 1200 daAuts
     D:3: 1191 daAuts
     D:1: 1068 daAuts
     D:5: 1027 daAuts
     D:6: 116 daAuts
